 Dungeon Crawl Stone Soup version 0.31-a0-1068-g5939ac1fb6 (webtiles) character file.

Game seed: 16423076602761582046

8456 Nitrous the Thaumaturge (level 11, -20/63 HPs)
             Began as a Deep Elf Conjurer on Nov 25, 2023.
             Was a Believer of Vehumet.
             Hit by a large rock thrown by a cyclops (32 damage)
             ... on level 12 of the Dungeon.
             The game lasted 00:37:24 (13086 turns).

Nitrous the Thaumaturge (Deep Elf Conjurer)        Turns: 13086, Time: 00:37:25

Health: -20/63     AC:  5    Str:  4    XL:     11   Next: 10%
Magic:  22/34      EV: 18    Int: 34    God:    Vehumet [**....]
Gold:   468        SH:  0    Dex: 13    Spells: 24/38 levels left

rFire   . . .        (no weapon)
rCold   + . .        (no shield)
rNeg    . . .        M - +1 robe {rC+}
rPois   +            (no helmet)
rElec   .            (no cloak)
rCorr   .            (no gloves)
SInv    .            (no boots)
Will    +....        K - amulet of magic regeneration
Stlth   +++          i - +5 ring of evasion
HPRegen 0.30/turn    L - +6 ring of intelligence
MPRegen 0.64/turn

%: no passive effects
@: no status effects
A: iridescent scales 1, high MP 1, poison resistance
a: Renounce Religion


You were on level 12 of the Dungeon.
You worshipped Vehumet.
Vehumet was pleased with you.
You visited 2 branches of the dungeon, and saw 13 of its levels.
You also visited: Sewer.

You collected 556 gold pieces.
You spent 88 gold pieces at shops.

Inventory:

Armour
 a - a +0 robe
 v - the +0 helmet of Usmeim {*Slow Dex+6}
   (You found it on level 5 of the Dungeon)

   Dex+6:     It affects your dexterity (+6).
   *Slow:     It may slow you when you take damage.
 z - the +0 robe of Sunlight {-Tele Dex+4 SInv}
   (You found it on level 7 of the Dungeon)

   Dex+4:     It affects your dexterity (+4).
   SInv:      It lets you see invisible.
   -Tele:     It prevents most forms of teleportation.
 M - a +1 robe of cold resistance (worn)
Jewellery
 c - an amulet of guardian spirit
 f - a ring of flight
 i - a +5 ring of evasion (left hand)
 y - a ring of resist corrosion
 D - a ring of protection from fire
 E - a ring of protection from fire
 K - an amulet of magic regeneration (around neck)
 L - a +6 ring of intelligence (right hand)
 O - a ring of ice
Wands
 g - a wand of mindburst (17)
 x - a wand of iceblast (24)
 C - a wand of digging (1)
 G - a wand of polymorph (10)
 J - a wand of paralysis (6)
Scrolls
 d - a scroll of blinking
 h - a scroll of fog {unknown}
 k - a scroll of revelation {unknown}
 p - 2 scrolls of immolation {unknown}
 q - 4 scrolls of teleportation
 s - a scroll of enchant weapon {unknown}
 t - 2 scrolls of enchant armour {unknown}
 u - 3 scrolls of poison
 w - a scroll of brand weapon {unknown}
 F - a scroll of noise {unknown}
 H - a scroll of vulnerability {unknown}
 I - a scroll of silence {unknown}
 N - 2 scrolls of identify
Potions
 b - 3 potions of cancellation
 e - 6 potions of curing
 j - a potion of magic
 l - a potion of resistance {unknown}
 m - 3 potions of haste
 n - 4 potions of attraction
 o - 3 potions of enlightenment
 r - 2 potions of might {unknown}
 A - a potion of brilliance {unknown}
 B - a potion of degeneration {unknown}


   Skills:
 * Level 5.1 Fighting
 + Level 4.3 Dodging
 + Level 4.9 Stealth
 * Level 14.3 Spellcasting
 + Level 10.2 Conjurations
 - Level 5.8 Hexes
 - Level 5.6 Translocations


You had 24 spell levels left.
You knew the following spells:

 Your Spells              Type           Power      Damage    Failure   Level
a - Magic Dart            Conj           100%       1d8       1%          1
b - Fulminant Prism       Conj/Hex       34%        3d16      1%          4
c - Iskenderun's Mystic   Conj/Tloc      67%        2d14      1%          4
d - Irradiate             Conj/Tmut      28%        3d21      6%          5

Your spell library contained the following spells:

 Spells                   Type           Power      Damage    Failure   Level
 Momentum Strike          Conj/Tloc      100%       3d10      1%          2
 Necrotise                Necr           96%        1d8       1%          1
 Searing Ray              Conj           100%       2d8       1%          2
 Dazzling Flash           Conj/Hex       100%       N/A       1%          3
 Mephitic Cloud           Conj/Pois/Air  47%        N/A       1%          3
 Sigil of Binding         Hex            59%        N/A       1%          3
 Dimensional Bullseye     Hex/Tloc       29%        N/A       1%          4
 Manifold Assault         Tloc           58%        N/A       1%          4
 Call Imp                 Summ           48%        N/A       2%          2
 Wereblood                Tmut           24%        N/A       2%          2
 Call Canine Familiar     Summ           24%        N/A       4%          3
 Vampiric Draining        Necr           24%        2d7       4%          3
 Leda's Liquefaction      Hex/Erth       22%        N/A       4%          4
 Vhi's Electric Charge    Tloc/Air       86%        N/A       5%          4
 Arcjolt                  Conj/Air       28%        1d38      6%          5
 Dispersal                Tloc           29%        N/A       26%         6
 Agony                    Necr           24%        N/A       43%         5
 Disjunction              Tloc           29%        N/A       100%        8
 Maxwell's Capacitive Co  Air            12%        ∞         100%        8


Dungeon Overview and Level Annotations

Branches:
Dungeon (12/15)            Temple (1/1) D:7            Lair (0/5) D:9
  Sewer (visited)
    Orc: D:9-12

Altars:
Ashenzari
Cheibriados
Dithmenos
Elyvilon
Fedhas
Gozag
Hepliaklqana
Kikubaaqudgha
Makhleb
Nemelex Xobeh
Okawaru
Qazlal
Ru
Sif Muna
Trog
Uskayaw
Vehumet
Wu Jian
Xom
Yredelemnul
Zin
The Shining One

Shops:
D:3 !   D:6 :   D:7 =   D:8 [(*

Annotations:
D:3 1 runed translucent door, Crazy Yiuf
D:9 Erica


Innate Abilities, Weirdness & Mutations

You are partially covered in iridescent scales. (AC +2)
You have an increased reservoir of magic. (+10% MP)
Your system is resistant to poisons. (rPois)


Message History

A fulminant prism comes into view.
The troll bites you. The troll completely misses you.
The troll closely misses you.
Casting: Fulminant Prism (dangerous; 1% risk of failure)
Confirm with . or Enter, or press ? or * to list all spells.
Aiming: Fulminant Prism (dangerous; 1% risk of failure)
Press: ? - help, Dir - move target You conjure a prism of explosive energy!
A fulminant prism comes into view.
The troll barely misses you. The troll claws you! The troll claws you.
Your fulminant prism crackles loudly.
Your fulminant prism crackles loudly.
The troll misses you. The troll claws you!
* * * LOW HITPOINT WARNING * * *
The troll barely misses you.
Your fulminant prism explodes!
The blast of energy engulfs your fulminant prism!!
Your fulminant prism is almost destroyed.
The blast of energy engulfs the troll!!
The troll is almost dead.
You are too injured to fight recklessly!
Casting: Fulminant Prism (dangerous; 1% risk of failure)
Confirm with . or Enter, or press ? or * to list all spells.
Aiming: Magic Dart (safe; 1% risk of failure)
Press: ? - help, Shift-Dir - straight line, f - fulminant prism
Aim: a fulminant prism (almost destroyed, friendly, 100% to hit)
The magic dart hits the troll.
The troll is almost dead.
A cyclops comes into view.
The troll misses you. x2; The troll claws you.
* * * LOW HITPOINT WARNING * * *
Your fulminant prism explodes!
The blast of energy engulfs the troll!
You kill the troll!
Vehumet accepts your kill.
You feel your power returning.
You can't go down here!
The cyclops throws a large rock.
The large rock hits you!!
Ouch! That really hurt!
You die...

#.......
#......
#..... #....#
#....+ #....#
#....#
#.@..########
#........C...
#......#####.
######......#
..°)........#
............#
##.#######..#
# #..# #..#


You could see a cyclops.

Vanquished Creatures
  Fannar (D:11)
  An ugly thing (D:10)
  An unseen horror (D:11)
  Psyche (D:11)
  An efreet (D:12)
  A troll (D:12)
  2 hornets
  Sigmund (D:5)
  3 yaks (D:8)
  4 wyverns
  A steam dragon (D:9)
  2 vampire mosquitoes (D:11)
  An acid dragon (D:10)
  2 water moccasins
  A sky beast (D:4)
  2 black bears
  An ogre (D:6)
  9 centaurs
  2 phantoms (D:4)
  6 kobold brigands
  A bullfrog (D:6)
  4 scorpions
  17 wights
  8 killer bees
  5 electric eels (D:11)
  A howler monkey (D:8)
  3 gnoll boudas
  3 orc priests
  5 jellies
  2 sleepcaps
  3 iguanas
  7 orc wizards
  Ijyb (D:3)
  11 gnolls
  6 adders
  2 shadow imps
  6 ufetubi
  2 worms
  A dart slug (D:1)
  27 orcs
  10 endoplasms
  6 giant cockroaches
  9 goblins
  5 hobgoblins
  6 jackals (D:4)
  19 kobolds
  3 quokkas
  9 ball pythons
  7 bats
  5 frilled lizards
  9 rats
  20 fulminant prisms
266 creatures vanquished.

Vanquished Creatures (others)
  106 fulminant prisms
106 creatures vanquished.

Grand Total: 372 creatures vanquished

Notes
Turn   | Place    | Note
-------+----------+-------------------------------------------
     0 | D:1      | Nitrous the Deep Elf Conjurer began the quest for the Orb.
     0 | D:1      | Reached XP level 1. HP: 10/10 MP: 6/6
   279 | D:1      | Reached XP level 2. HP: 15/15 MP: 0/8
   448 | D:1      | Reached skill level 5 in Conjurations
   842 | D:1      | Found a faded altar of an unknown god.
   982 | D:1      | Reached XP level 3. HP: 19/19 MP: 6/9
  1888 | D:2      | Found a bloodstained altar of Trog.
  2349 | D:3      | Reached XP level 4. HP: 24/24 MP: 7/11
  2627 | D:3      | Found a runed translucent door.
  2628 | D:3      | Noticed Crazy Yiuf
  2690 | D:3      | Found Emudagov's Distillery.
  2706 | D:3      | Reached skill level 4 in Spellcasting
  2737 | D:3      | Reached skill level 1 in Fighting
  2824 | D:3      | Reached XP level 5. HP: 29/29 MP: 2/13
  3004 | D:3      | Noticed Ijyb
  3058 | D:3      | Bought a potion of mutation for 88 gold pieces
  3058 | D:3      | Gained mutation: You are weak. (Str -2) [potion of
                  | mutation]
  3058 | D:3      | Gained mutation: Your mind is acute. (Int +4, Str/Dex -1)
                  | [potion of mutation]
  3059 | D:3      | Lost mutation: You are weak. (Str -2) [potion of mutation]
  3059 | D:3      | Lost mutation: Your mind is acute. (Int +4, Str/Dex -1)
                  | [potion of mutation]
  3059 | D:3      | Gained mutation: You have an increased reservoir of magic.
                  | (+10% MP) [potion of mutation]
  3059 | D:3      | Gained mutation: You are partially covered in iridescent
                  | scales. (AC +2) [potion of mutation]
  3059 | D:3      | Gained mutation: Your system is resistant to poisons.
                  | (rPois) [potion of mutation]
  3069 | D:3      | Killed Ijyb
  3213 | D:3      | Found a glowing golden altar of the Shining One.
  3819 | D:4      | Reached skill level 5 in Spellcasting
  3838 | D:4      | Noticed a black bear
  3932 | D:4      | Killed a black bear
  3933 | D:4      | Reached XP level 6. HP: 5/34 MP: 6/17
  4313 | D:4      | Reached skill level 6 in Spellcasting
  4408 | D:4      | Noticed a sky beast
  4435 | D:4      | Found a glowing drain.
  4449 | Sewer    | Entered a sewer
  4581 | Sewer    | Reached XP level 7. HP: 27/39 MP: 10/20
  4692 | Sewer    | Reached skill level 7 in Spellcasting
  4939 | Sewer    | Reached skill level 8 in Spellcasting
  5443 | D:4      | Learned a level 4 spell: Fulminant Prism
  5448 | D:4      | Learned a level 4 spell: Iskenderun's Mystic Blast
  5520 | D:4      | Reached XP level 8. HP: 38/45 MP: 13/24
  5617 | D:4      | Found an ornate altar of the Wu Jian Council.
  5721 | D:5      | Entered Level 5 of the Dungeon
  5757 | D:5      | Noticed Sigmund
  5775 | D:5      | Identified the +0 helmet of Usmeim {*Slow Dex+6}
  5929 | D:5      | Reached skill level 9 in Spellcasting
  5929 | D:5      | Reached skill level 1 in Translocations
  6489 | D:5      | Killed Sigmund
  6713 | D:6      | Reached skill level 10 in Spellcasting
  6886 | D:6      | Reached skill level 1 in Hexes
  7501 | D:6      | Reached XP level 9. HP: 51/51 MP: 17/28
  7608 | D:6      | Found Voalehuhi's Book Shoppe.
  7794 | D:7      | Identified the +0 robe of Sunlight {-Tele Dex+4 SInv}
  7865 | D:7      | Found Ohumuf Nem's Jewellery Emporium.
  7884 | D:7      | Reached skill level 11 in Spellcasting
  8096 | D:7      | Found a staircase to the Ecumenical Temple.
  8116 | Temple   | Entered the Ecumenical Temple
  8137 | Temple   | Became a worshipper of Vehumet
  8683 | D:8      | Found Cysyil's Antique Weapon Emporium.
  8684 | D:8      | Found Qeexib's Antique Armour Emporium.
  8684 | D:8      | Found Yjiniga's General Store.
  9233 | D:8      | Found a stormy altar of Qazlal.
  9683 | D:8      | Reached skill level 12 in Spellcasting
  9981 | D:9      | Found a white marble altar of Elyvilon.
 10197 | D:9      | Found a staircase to the Lair.
 10418 | D:9      | Reached XP level 10. HP: 57/57 MP: 22/31
 10421 | D:9      | Noticed Erica
 11239 | D:10     | Entered Level 10 of the Dungeon
 11258 | D:10     | Reached * piety under Vehumet
 11258 | D:10     | Offered knowledge of Shock by Vehumet.
 11374 | D:10     | Noticed a cyan ugly thing
 11380 | D:10     | Killed a cyan ugly thing
 11381 | D:10     | Reached skill level 13 in Spellcasting
 11381 | D:10     | Reached skill level 5 in Translocations
 11916 | D:10     | Found a sparkling altar of Nemelex Xobeh.
 12124 | D:10     | Found a burning altar of Makhleb.
 12126 | D:10     | Noticed a green death
 12241 | D:11     | Noticed Psyche
 12247 | D:11     | Killed Psyche
 12248 | D:11     | Reached skill level 5 in Hexes
 12434 | D:11     | Noticed a boulder beetle
 12780 | D:11     | Reached skill level 10 in Conjurations
 12788 | D:11     | Reached skill level 5 in Fighting
 12806 | D:11     | Noticed Fannar
 12811 | D:11     | Reached ** piety under Vehumet
 12812 | D:11     | Reached skill level 14 in Spellcasting
 12825 | D:11     | Killed Fannar
 12825 | D:11     | Offered knowledge of Momentum Strike by Vehumet.
 12826 | D:11     | Reached XP level 11. HP: 13/63 MP: 7/34
 13035 | D:11     | Learned a level 5 spell: Irradiate
 13086 | D:12     | Hit by a large rock thrown by a cyclops

Illustrated notes

Levels and vault maps discovered:
D:1:      dpeg_cavernosity, layout_loops_ring, ebering_ecumenical_altar_hall
D:2:      layout_basic, basic_altar
D:3:      layout_loops_ring, nicolae_tso_carved_into_rock, serial_shops, shop,
          grunt_ministairs_9, uniq_crazy_yiuf_cottage, uniq_ijyb
D:4:      layout_gridville, kennysheep_mini, portal_sewer_entry_a,
          minmay_misc_feat_square
D:5:      layout_basic, uniq_sigmund
D:6:      layout_gridville, serial_shops, nicolae_shop_advertising_works
          [nicolae_subvault_shop_adworks]
D:7:      layout_basic, minmay_temple_entry_slanted, serial_shops,
          nicolae_shop_statue_plus
D:8:      layout_loops_corners, nicolae_qazlal_eye_of_the_storm,
          kennysheep_small_spiral, nicolae_shop_distant_corner_stores,
          feat_on_display
D:9:      layout_roguey, mainiacjoe_overflow_six_doors_small, lair_entry_dummy,
          uniq_erica
D:10:     layout_loops_ring, nemelex_xobeh_ov_fountains_minmay,
          makhleb_altar_promises_db
D:11:     layout_basic, jiyva_altar_1, uniq_psyche, uniq_fannar
D:12:     layout_irregular_city, orc_0_dummy, serial_shops,
          nicolae_shop_bloodbath_and_beyond, gauntlet_entry_generic
Temple:   nicolae_temple_slightly_damp_pantheon

Skill      XL: |  1  2  3  4  5  6  7  8  9 10 |
---------------+-------------------------------+-----
Conjurations   | 5 6 7 8 10 | 10.2
Spellcasting   | 4 5 6 8 10 12 14 | 14.3
Fighting       | 1 2 3 4 5 |  5.1
Stealth        | 3 4 |  4.9
Dodging        | 3 4 |  4.3
Translocations | 3 4 5 |  5.6
Hexes          | 1 3 5 |  5.8

Action                     |  1- 3 |  4- 6 |  7- 9 | 10-12 || total
---------------------------+-------+-------+-------+-------++-------
   Cast: Magic Dart        |    77 |   156 |   280 |    18 ||   531
         Fulminant Prism   |       |       |    48 |    80 ||   128
    Use: Potion            |       |     2 |     4 |       ||     6
         Scroll            |       |       |     5 |     7 ||    12
 Armour: Robe              |     1 |    12 |    79 |    29 ||   121
  Dodge: Dodged            |     4 |    24 |   118 |    47 ||   193

Table legend: (Time is in decaauts)
 A = Elapsed time spent in this place.
 B = Non-inter-level travel time spent in this place.
 C = Inter-level travel time spent in this place.
 D = Time resting spent in this place.
 E = Time spent auto-exploring this place.
 F = Levels seen in this place.
 G = Mean time per level.
                   A        B        C        D        E       F      G
               +--------+--------+--------+--------+--------+-----+--------+
         Total |  13128 |  12716 |    412 |   2635 |   8634 |  14 |  937.7 |
       Dungeon |  12422 |  12052 |    370 |   2387 |   8342 |  12 | 1035.2 |
        Temple |     42 |      1 |     41 |      0 |      0 |   1 |   42.0 |
         Sewer |    663 |    663 |      0 |    248 |    291 |   1 |  663.0 |
               +--------+--------+--------+--------+--------+-----+--------+

Top non-repeatable levels by time:
     D:8: 1541 daAuts
     D:4: 1487 daAuts
     D:3: 1374 daAuts
     D:1: 1296 daAuts
     D:9: 1087 daAuts
     D:2: 1048 daAuts
     D:6: 1041 daAuts
    D:10: 994 daAuts
     D:5: 863 daAuts
     D:7: 835 daAuts
    D:11: 805 daAuts
   Sewer: 663 daAuts
    D:12: 45 daAuts
  Temple: 42 daAuts
